 Dungeon Crawl Stone Soup version 0.21-a0-170-g0398fc9 (webtiles) character file.

1514 roguesci the Sneak (level 8, -4/40 HPs)
             Began as a Vine Stalker Transmuter on Aug 6, 2017.
             Was a Believer of Kikubaaqudgha.
             Shot with an arrow by a centaur (10 damage)
             ... on level 6 of the Dungeon.
             The game lasted 00:29:06 (5795 turns).

roguesci the Sneak (Vine Stalker Transmuter)        Turns: 5795, Time: 00:29:06

Health: -4/40      AC:  7    Str: 13 (14) XL:     8   Next: 83%
Magic:  0/16       EV: 12    Int: 13 (15) God:    Kikubaaqudgha [**....]
Gold:   38         SH:  3    Dex: 12 (14) Spells: 7/15 levels left

rFire    . . .     SeeInvis .   D - +4 morningstar (drain)
rCold    . . .     Gourm    .   b - +0 buckler
rNeg     . . .     Faith    .   H - +1 troll leather armour
rPois    .         Spirit   +   m - +1 helmet
rElec    .         Reflect  .   (no cloak)
rCorr    .         Harm     .   (no gloves)
MR       ++...                  (no boots)
Stlth    ++........             (no amulet)
HPRegen  1.33/turn              J - ring of wizardry
MPRegen  0.15/turn              M - ring of protection from magic

@: flying
A: fangs 3, hooves 1, high mp 1, regeneration 2, magic shield, antimagic bite,
no potion heal 3, rot immunity
a: Receive Corpses, Renounce Religion


You were on level 6 of the Dungeon.
You worshipped Kikubaaqudgha.
Kikubaaqudgha was pleased with you.
You were not hungry.

You visited 1 branch of the dungeon, and saw 6 of its levels.
You also visited: Ossuary.

You collected 280 gold pieces.
You spent 242 gold pieces at shops.

Inventory:

Hand Weapons
 j - a +2 dagger of venom
 D - a +4 morningstar of draining (weapon)
 L - a +2 falchion of electrocution
Missiles
 o - 145 stones (quivered)
 y - a throwing net
Armour
 b - a +0 buckler (worn)
 m - a +1 helmet (worn)
 H - a +1 troll leather armour (worn)
Jewellery
 t - an uncursed ring of ice
 G - an uncursed ring of resist corrosion
 J - a ring of wizardry (left hand)
 M - a ring of protection from magic (right hand)
Scrolls
 h - 2 scrolls of noise
 w - 2 scrolls of magic mapping
Potions
 e - a potion of cancellation
 p - 2 potions of curing
 u - a potion of resistance
Books
 c - a book of Changes

   Spells                             Type                      Level
   a - Beastly Appendage              Transmutation                1
   b - Sticks to Snakes               Transmutation                2
   c - Spider Form                    Transmutation/Poison         3
   d - Ice Form                       Ice/Transmutation            4
   e - Blade Hands                    Transmutation                5
 z - Kikubaaqudgha's Compendium of Darkness
   (Kikubaaqudgha gifted it to you in an ossuary)

   Spells                             Type                      Level
   a - Animate Skeleton               Necromancy                   1
   b - Corpse Rot                     Necromancy                   2
   c - Sublimation of Blood           Necromancy                   2
   d - Vampiric Draining              Necromancy                   3
   e - Control Undead                 Necromancy                   4
Comestibles
 d - 5 bread rations
 g - 3 meat rations


   Skills:
 + Level 3.3 Fighting
 + Level 2.8 Maces & Flails
 + Level 3.9 Dodging
 + Level 4.5 Stealth
 * Level 0.0 Shields
 - Level 3.2 Unarmed Combat
 * Level 4.1 Spellcasting
 + Level 2.6 Necromancy
 + Level 3.8 Transmutations
 - Level 4.2 Poison Magic


You had 7 spell levels left.
You knew the following spells:

 Your Spells              Type           Power        Failure   Level  Hunger
a - Beastly Appendage     Tmut           ##....       3%          1    None
b - Spider Form           Tmut/Pois      ##........   10%         3    ###....
c - Vampiric Draining     Necr           #.........   17%         3    ###....
d - Animate Skeleton      Necr           N/A          6%          1    None


Dungeon Overview and Level Annotations

Branches:
Dungeon (6/15)
 Temple: D:4-7

Altars:
Cheibriados
Kikubaaqudgha

Shops:
D:4 (   D:5 !


Innate Abilities, Weirdness & Mutations

You have razor-sharp teeth.
You heal very quickly.
When hurt, damage is shared between your health and your magic reserves.
Your bite disrupts and absorbs the magic of your enemies.
Potions cannot restore your health.
You are immune to rotting.
You have large cloven feet.
You have an increased reservoir of magic. (+10% MP)


Message History

The centaur shoots an arrow.
The arrow completely misses you.
You see here an arrow.
The centaur shoots an arrow.
The arrow misses you.
You see here an arrow.
Your transformation has ended.
Your +4 morningstar of draining unmelds from your body.
Your +1 helmet unmelds from your body.
Your +0 buckler unmelds from your body.
Your +1 troll leather armour unmelds from your body.
You sense an unholy aura.
The centaur shoots an arrow.
The arrow hits you!
* * * LOW HITPOINT WARNING * * *
The arrow freezes you.
* * * LOW HITPOINT WARNING * * *
You see here an arrow.
Casting: Spider Form
Confirm with . or Enter, or press ? or * to list all spells.
You don't have enough magic to cast that spell.
Unknown command.
The centaur shoots an arrow.
The arrow hits you!
You die...
Kikubaaqudgha rasps: "You have failed me!
Welcome... death!"

##.#.# #... ###..#.# #...
#...#..# ##.PP #.###.## #...♣
#.###.# ##..PP #.##..# ###....)
####.##.## #.......
##....#..###########o.....(
#..####.#.@(.g..K(.(..((...
#######.#####.#.....c!######.....
........# #...#......(# ##..PP
######### #...........# #..♣P #
########.###.......# *#.PP♣
####........###.......# #...♣P
.....#.......(...###### #..PPP
.####..########### ##....
.##....# *#....


You could see a gnoll sergeant, a centaur and a kobold.

Vanquished Creatures
  A troll (D:6)
  An orc warrior (D:5)
  A sky beast (D:5)
  A big kobold (D:6)
  A gnoll sergeant (D:6)
  A water moccasin zombie (D:6)
  2 howler monkeys (D:6)
  2 bullfrog zombies
  A jelly (D:6)
  4 orc priests
  2 hounds (D:6)
  3 orc wizards
  A centaur skeleton (D:6)
  5 worker ants
  A big kobold zombie (Ossuary)
  4 mummies
  Robin (D:2)
  7 gnolls
  7 adders
  A shadow imp (D:6)
  5 adder zombies (Ossuary)
  2 adder skeletons
  A worm (D:3)
  A dart slug (D:2)
  2 leopard geckos (D:3)
  12 orcs
  2 bats (D:2)
  9 giant cockroaches
  10 hobgoblins
  8 jackals
  3 ball pythons
  A ball python skeleton (D:4)
  5 frilled lizards
  17 goblins
  3 goblin zombies (Ossuary)
  3 hobgoblin zombies (Ossuary)
  10 kobolds
  2 kobold zombies (Ossuary)
  2 quokka zombies (Ossuary)
  5 rats
  A rat zombie (Ossuary)
151 creatures vanquished.

Vanquished Creatures (collateral kills)
  A kobold (D:6)
1 creature vanquished.

Grand Total: 152 creatures vanquished

Notes
Turn   | Place    | Note
-------+----------+-------------------------------------------
     0 | D:1      | roguesci the Vine Stalker Transmuter began the quest for the Orb.
     0 | D:1      | Reached XP level 1. HP: 9/9 MP: 4/4
     5 | D:1      | Reached skill level 1 in Fighting
   133 | D:1      | Reached XP level 2. HP: 13/14 MP: 4/6
   745 | D:2      | Reached XP level 3. HP: 17/18 MP: 7/7
   765 | D:2      | Learned a level 3 spell: Spider Form
   777 | D:2      | Reached skill level 1 in Stealth
   880 | D:2      | Noticed Robin
   893 | D:2      | Killed Robin
   899 | D:2      | Gained mutation: Your natural rate of healing is unusually fast. [Vine Stalker growth]
   899 | D:2      | Reached XP level 4. HP: 18/23 MP: 2/9
  1007 | D:2      | Found an ancient bone altar of Kikubaaqudgha.
  1382 | D:2      | Reached skill level 1 in Poison Magic
  1601 | D:2      | Became a worshipper of Kikubaaqudgha
  1948 | D:3      | Reached XP level 5. HP: 21/26 MP: 10/10
  2503 | D:4      | Found a sand-covered staircase.
  2508 | Ossuary  | Entered an ossuary
  2652 | Ossuary  | Reached XP level 6. HP: 29/30 MP: 11/11
  2723 | Ossuary  | Reached * piety under Kikubaaqudgha
  2723 | Ossuary  | Identified Kikubaaqudgha's Compendium of Darkness (Kikubaaqudgha gifted it to you in an ossuary)
  2723 | Ossuary  | Received a gift from Kikubaaqudgha
  2733 | Ossuary  | Learned a level 3 spell: Vampiric Draining
  2735 | Ossuary  | Learned a level 1 spell: Animate Skeleton
  2774 | Ossuary  | Reached skill level 1 in Maces & Flails
  2826 | Ossuary  | Noticed p0werm0de's ghost (amateur NaAs)
  3300 | D:4      | Found Ligac's Antique Weapon Boutique.
  3311 | D:4      | Bought a glowing morningstar for 154 gold pieces
  3607 | D:5      | Entered Level 5 of the Dungeon
  3619 | D:5      | Found Muxibys's Distillery.
  3620 | D:5      | Reached XP level 7. HP: 35/35 MP: 13/13
  3948 | D:5      | Reached skill level 1 in Necromancy
  3993 | D:5      | Gained mutation: You heal very quickly. [mutagenic meat]
  3994 | D:5      | Gained mutation: Scrolls take you a little longer to read. [mutagenic meat]
  3995 | D:5      | Gained mutation: You have an increased reservoir of magic. (+10% MP) [mutagenic meat]
  4125 | D:5      | Found a snail-covered altar of Cheibriados.
  4478 | D:6      | Noticed a troll
  4793 | D:6      | Reached ** piety under Kikubaaqudgha
  4827 | D:6      | Gained mutation: You have razor-sharp teeth. [Vine Stalker growth]
  4827 | D:6      | Reached XP level 8. HP: 39/39 MP: 16/16
  5068 | D:6      | Killed a troll
  5411 | D:5      | HP: 1/40 [orc priest/divine providence (9)]
  5529 | D:5      | Bought a potion of mutation for 88 gold pieces
  5529 | D:5      | Lost mutation: Scrolls take you a little longer to read. [potion of mutation]
  5529 | D:5      | Gained mutation: You are occasionally teleported next to monsters. [potion of mutation]
  5529 | D:5      | Lost mutation: You are occasionally teleported next to monsters. [potion of mutation]
  5529 | D:5      | Gained mutation: You have large cloven feet. [potion of mutation]
  5795 | D:6      | Shot with an arrow by a centaur

Vault maps used:
D:1:      dpeg_arrival_pond
D:2:      kennysheep_six_static_rooms, lemuel_doored_altar, uniq_robin
D:3:      first_bread
D:4:      serial_shops, nicolae_shop_stone, enter_ossuary_5
D:5:      serial_shops, shop, chei_slow_surprise
D:6:      kennysheep_housing_project
Ossuary:  ossuary_minmay_chase

Skill      XL: |  1  2  3  4  5  6  7  8 |
---------------+-------------------------+-----
Fighting       | 1 2 3 |  3.3
Stealth        | 1 2 3 4 |  4.5
Poison Magic   | 1 2 3 4 |  4.2
Dodging        | 2 3 |  3.9
Spellcasting   | 3 4 |  4.1
Maces & Flails | 1 2 |  2.8
Transmutations | 3 |  3.8
Necromancy     | 1 2 |  2.6
Unarmed Combat | |  3.2

Action                   |  1- 3 |  4- 6 |  7- 9 || total
-------------------------+-------+-------+-------++-------
Melee: Unarmed           |    45 |    86 |    65 ||   196
       Bite              |    17 |    49 |    20 ||    86
       Kick              |     3 |       |       ||     3
       Headbutt          |     1 |       |       ||     1
       Dagger            |    39 |   102 |       ||   141
       Whip              |       |    66 |       ||    66
       Punch             |       |     4 |     3 ||     7
       Morningstar       |       |     6 |    74 ||    80
Throw: Stone             |       |     8 |     2 ||    10
 Cast: Beastly Appendage |     4 |       |       ||     4
       Spider Form       |     2 |     9 |    10 ||    21
       Animate Skeleton  |       |       |     2 ||     2
 Abil: End Transformatio |       |     1 |       ||     1
  Use: Potion            |       |     2 |    12 ||    14
       Scroll            |       |       |    13 ||    13
 Stab: Sleeping          |       |     3 |     1 ||     4
       Invisible         |       |       |     2 ||     2
  Eat: Chunk             |       |     9 |     3 ||    12
       Royal jelly       |       |     1 |     1 ||     2
       Fruit             |       |       |     8 ||     8
Armor: Robe              |    20 |    45 |    10 ||    75
       Skin              |     4 |       |     8 ||    12
       Troll leather arm |       |       |    15 ||    15
       Chain mail        |       |       |     8 ||     8
Dodge: Dodged            |    61 |   149 |   166 ||   376
